 Dungeon Crawl Stone Soup version 0.31.0-11-ge490571c62 (webtiles) character file.

Game seed: 17285061662547234956

299 Bobbunny the Trooper (level 6, -9/58 HPs)
             Began as a Minotaur Fighter on Feb 3, 2024.
             Was an Initiate of Qazlal.
             Mangled by Duvessa
             ... wielding a +0 rapier
              (13 damage)
             ... on level 4 of the Dungeon.
             The game lasted 00:02:46 (2828 turns).

Bobbunny the Trooper (Minotaur Fighter)             Turns: 2828, Time: 00:02:47

Health: -9/58      AC: 15    Str: 23    XL:     6   Next: 13%
Magic:  5/5        EV:  6    Int:  5    God:    Qazlal [......]
Gold:   184        SH:  4    Dex:  9    Spells: 5/5 levels left

rFire   . . .        a - +0 war axe
rCold   . . .        c - +0 buckler
rNeg    . . .        t - +0 plate armour
rPois   .            (helmet restricted)
rElec   .            s - +0 cloak
rCorr   .            k - +0 pair of gloves
SInv    .            j - +0 pair of boots
Will    .....        (no amulet) Stlth
                     (no ring)
HPRegen 0.29/turn    (no ring)
MPRegen 0.09/turn

%: no passive effects
@: lethally poisoned (-9 -> -23)
A: horns 2, retaliatory headbutt
a: Renounce Religion


You were on level 4 of the Dungeon.
You worshipped Qazlal.
Qazlal was noncommittal.
You visited 1 branch of the dungeon, and saw 4 of its levels.

You collected 184 gold pieces.

Inventory:

Hand Weapons
 a - a +0 war axe (weapon)
Missiles
 b - 2 poisoned darts
 n - 4 boomerangs (quivered)
Armour
 c - a +0 buckler (worn)
 j - a +0 pair of boots (worn)
 k - a +0 pair of gloves (worn)
 s - a +0 cloak (worn)
 t - a +0 plate armour (worn)
Jewellery
 g - a ring of flight
 w - a ring of positive energy
Scrolls
 f - a scroll of fear {unknown}
 h - a scroll of noise
 i - a scroll of teleportation {unknown}
 o - a scroll of vulnerability {unknown}
 r - 2 scrolls of amnesia
 u - a scroll of revelation {unknown}
 v - 2 scrolls of immolation {unknown}
Potions
 d - a potion of might
 e - a potion of mutation
 l - 2 potions of lignification
 m - 2 potions of haste
 p - a potion of curing
 q - a potion of heal wounds {unknown}


   Skills:
 + Level 6.4 Fighting
 + Level 5.7 Axes
 - Level 3.6 Armour
 - Level 3.6 Shields


You had 5 spell levels left.
You didn't know any spells.
Your spell library contained the following spells:

 Spells                   Type           Power      Damage    Failure   Level
 Apportation              Tloc           0%         N/A       100%        1
 Necrotise                Necr           0%         1d4       100%        1
 Sting                    Conj/Alch      0%         1d3       100%        1
 Summon Small Mammal      Summ           0%         N/A       100%        1
 Stone Arrow              Conj/Erth      0%         3d7       100%        3
 Animate Armour           Summ/Erth      0%         N/A       100%        4
 Lehudib's Crystal Spear  Conj/Erth      0%         10d2      100%        8


Dungeon Overview and Level Annotations

Branches:
Dungeon (4/15)
 Temple: D:4-7

Altars:
Fedhas
Qazlal

Annotations:
D:4 Duvessa


Innate Abilities, Weirdness & Mutations

You have a pair of horns on your head.
You reflexively headbutt those who attack you in melee.


Message History

You are poisoned.
You block Duvessa's attack.
You hit Duvessa.
Duvessa is lightly wounded.
You slash Dowan!
You feel very sick. Duvessa barely misses you. You furiously retaliate!
You headbutt Duvessa, but do no damage. Dowan hits you but does no damage.
You are more poisoned.
You block Duvessa's attack.
You slash Duvessa!
Duvessa is moderately wounded.
You hit Dowan but do no damage.
You feel very sick.
Duvessa zaps a wand.
The puff of flame hits you but does no damage.
Dowan hits you but does no damage.
You are more poisoned.
Duvessa hits you with a +0 rapier!
* * * LOW HITPOINT WARNING * * *
You slash Duvessa!
Duvessa is heavily wounded.
You miss Dowan.
* * * LOW HITPOINT WARNING * * *
You feel very sick. Dowan completely misses you. You furiously retaliate!
You headbutt Dowan! Duvessa closely misses you.
Dowan hits you with a +1 dagger of venom.
* * * LOW HITPOINT WARNING * * *
You hit Duvessa but do no damage.
Duvessa is heavily wounded.
You slash Dowan!
You kill Dowan!
Qazlal accepts your kill.
Duvessa screams, "No!
How DARE you!"
Duvessa goes berserk!
* * * LOW HITPOINT WARNING * * *
You feel very sick. Duvessa hits you with a +0 rapier!
You die...

... ## ...# #
##.##..## .. ...#...##
... ## ....... ##....
... #....###......
....#......e...##.
..........@)......
....$.....###.....
..........## ...## .#
....>...#...†#.....#
..##.....#..##...#...#
.... ...#...##....#
#... # ...........#
#..## ###.....####
#..# #.......#


You could see Duvessa (berserk, fast).

Vanquished Creatures
  Dowan (D:4)
  A bombardier beetle (D:4)
  A hound (D:4)
  An iguana (D:4)
  3 orc wizards
  A sleepcap (D:4)
  5 adders
  A dart slug (D:3)
  A ribbon worm (D:4)
  5 orcs
  2 ball pythons
  6 endoplasms
  5 giant cockroaches
  4 goblins
  6 hobgoblins
  3 quokkas
  3 bats
  5 frilled lizards
  6 kobolds
  2 rats
62 creatures vanquished.

Notes
Turn   | Place    | Note
-------+----------+-------------------------------------------
     0 | D:1      | Bobbunny the Minotaur Fighter began the quest for the Orb.
     0 | D:1      | Reached XP level 1. HP: 19/19 MP: 0/0
   483 | D:1      | Reached skill level 4 in Fighting
   541 | D:1      | Reached XP level 2. HP: 27/27 MP: 1/1
  1071 | D:2      | Reached XP level 3. HP: 34/34 MP: 2/2
  1273 | D:2      | Found a blossoming altar of Fedhas.
  1804 | D:3      | Reached skill level 5 in Fighting
  1804 | D:3      | Reached XP level 4. HP: 39/42 MP: 3/3
  2420 | D:4      | Reached XP level 5. HP: 41/48 MP: 4/4
  2468 | D:4      | Reached skill level 5 in Axes
  2530 | D:4      | Reached skill level 6 in Fighting
  2662 | D:4      | Reached XP level 6. HP: 50/57 MP: 5/5
  2686 | D:4      | Found a stormy altar of Qazlal.
  2714 | D:4      | Became a worshipper of Qazlal Stormbringer
  2818 | D:4      | Noticed Duvessa
  2819 | D:4      | Noticed Dowan
  2828 | D:4      | Killed Dowan
  2828 | D:4      | Mangled by Duvessa

Illustrated notes

Levels and vault maps discovered:
D:1:      psy_arrival_whirlpool, layout_loops_corners,
          amcnicky_mini_rare_corridor_liquid
D:2:      layout_loops_corners, basic_altar
D:3:      layout_basic, wad_floor_pattern_2
D:4:      layout_cave_pools, mainiacjoe_overflow_boulevard, uniq_blork_the_orc,
          uniq_natasha, uniq_duvessa

Skill      XL: |  1  2  3  4  5 |
---------------+----------------+-----
Fighting       | 4 5 6 |  6.4
Axes           | 3 4 5 |  5.7
Armour         | |  3.6
Shields        | |  3.6

Action                     |  1- 3 |  4- 6 || total
---------------------------+-------+-------++-------
  Melee: War axe           |    58 |    70 ||   128
         Headbutt          |     6 |     8 ||    14
    Use: Scroll            |       |     6 ||     6
 Armour: Scale mail        |    38 |    12 ||    50
         Plate armour      |       |    48 ||    48
  Dodge: Dodged            |    32 |    24 ||    56
  Block: Buckler           |    12 |    12 ||    24
